 Dungeon Crawl Stone Soup version 0.32-a0-520-g344ed53f66 (webtiles) character file.

Game seed: 1120504763851604552

1091 pokeman the Thaumaturge (level 8, 0/44 HPs)
             Began as a Deep Elf Hedge Wizard on Feb 28, 2024.
             Slain by a quasit (2 damage)
             ... on level 5 of the Dungeon.
             The game lasted 00:11:16 (4585 turns).

pokeman the Thaumaturge (Deep Elf Hedge Wizard)     Turns: 4585, Time: 00:11:17

Health: 0/44       AC:  3    Str:  7      XL:     8   Next: 9%
Magic:  2/22       EV: 12    Int: 22      God:
Gold:   248        SH:  0    Dex: 13 (14) Spells: 9/24 levels left

rFire   . . .        o - +1 spear (venom)
rCold   . . .        (no shield)
rNeg    . . .        b - +0 robe
rPois   .            f - +0 helmet
rElec   .            (no cloak)
rCorr   .            (no gloves)
SInv    .            (no boots)
Will    .....        (no amulet)
Stlth   ++           (no ring)
HPRegen 0.27/turn    (no ring)
MPRegen 0.18/turn

%: no passive effects
@: on blink cooldown
A: no striking features
a: no special abilities


You were on level 5 of the Dungeon.
You visited 2 branches of the dungeon, and saw 6 of its levels.

You collected 248 gold pieces.

Inventory:

Hand Weapons
 o - a +1 spear of venom (weapon)
Missiles
 m - a throwing net
Armour
 b - a +0 robe (worn)
 f - a +0 helmet (worn)
Scrolls
 g - 7 scrolls of identify {unknown}
 j - a scroll of teleportation {unknown}
 k - 2 scrolls of fear {unknown}
 l - a scroll of silence {unknown}
 n - a scroll of poison {unknown}
 p - a scroll of revelation {unknown}
 r - a scroll of blinking {unknown}
Potions
 a - a potion of degeneration {unknown}
 c - 4 potions of curing {unknown}
 d - a potion of magic
 e - 2 potions of enlightenment {unknown}
 h - 2 potions of might {unknown}
 i - 2 potions of berserk rage {unknown}
 q - a potion of haste {unknown}


   Skills:
 - Level 2.1 Fighting
 + Level 1.4 Armour
 - Level 3.0 Dodging
 - Level 3.1 Stealth
 * Level 8.6 Spellcasting
 + Level 4.3 Conjurations
 - Level 1.1 Summonings
 - Level 1.1 Translocations
 + Level 3.1 Fire Magic
 + Level 3.2 Ice Magic
 - Level 1.3 Air Magic
 - Level 1.2 Alchemy


You had 9 spell levels left.
You knew the following spells:

 Your Spells              Type           Power      Damage    Failure   Level
a - Magic Dart            Conj           100%       1d8       1%          1
b - Mephitic Cloud        Conj/Alch/Air  19%        N/A       9%          3
c - Call Imp              Summ           28%        N/A       7%          2
d - Blink                 Tloc           28%        N/A       7%          2
e - Flame Wave            Conj/Fire      25%        2d8       16%         4
f - Hailstorm             Conj/Ice       26%        3d7       4%          3

Your spell library contained the following spells:

 Spells                   Type           Power      Damage    Failure   Level
 Freeze                   Ice            92%        1d9       1%          1
 Searing Ray              Conj           56%        2d6       1%          2
 Scorch                   Fire           46%        2d6       3%          2
 Frozen Ramparts          Ice            46%        1d7       5%          3
 Necrotise                Necr           36%        1d5       7%          1
 Slow                     Hex            36%        N/A       7%          1
 Cigotuvi's Dreadful Rot  Necr/Alch/Air  26%        N/A       8%          2
 Sublimation of Blood     Necr           9%         N/A       11%         2
 Vampiric Draining        Necr           9%         2d6       22%         3
 Fulminant Prism          Conj/Alch      10%        3d8       22%         4
 Martyr's Knell           Necr/Summ      11%        N/A       50%         4
 Curse of Agony           Necr           9%         N/A       89%         5
 Summon Cactus Giant      Summ           7%         N/A       100%        6
 Summon Hydra             Summ           7%         N/A       100%        7


Dungeon Overview and Level Annotations

Branches:
Dungeon (5/15)             Temple (1/1) D:4

Altars:
Ashenzari
Cheibriados
Dithmenos
Fedhas
Gozag
Hepliaklqana
Kikubaaqudgha
Makhleb
Nemelex Xobeh
Okawaru
Sif Muna
Uskayaw
Zin
The Shining One

Annotations:
D:3 Grinder


Message History

The white imp gestures at you. The puff of frost hits you!
* * * LOW HITPOINT WARNING * * *
The hound closely misses you. The hound bites you.
* * * LOW HITPOINT WARNING * * *
Casting: Call Imp (safe; 7% risk of failure)
Confirm with . or Enter, or press ? or * to list all spells.
A tiny devil pulls itself out of the air.
The hound closely misses you. The hound bites you.
* * * LOW HITPOINT WARNING * * *
Unknown command.
You closely miss the hound. The hound bites you.
* * * LOW HITPOINT WARNING * * *
Unknown command.
You swap places.
The hound barely misses your cerulean imp.
Your cerulean imp hits the hound with a -3 spear.
The hound barely misses your cerulean imp.
The hound closely misses your cerulean imp.
Your cerulean imp closely misses the hound.
The hound closely misses your cerulean imp.
Your cerulean imp hits the hound with a -3 spear.
The hound barely misses your cerulean imp.
Something misses your cerulean imp. The quasit barely misses you.
The quasit claws you but does no damage. x2
Your cerulean imp closely misses the hound.
The hound closely misses your cerulean imp.
The hound barely misses your cerulean imp.
Your cerulean imp hits the hound with a -3 spear.
The quasit barely misses your cerulean imp.
The quasit closely misses your cerulean imp.
The quasit claws your cerulean imp. The quasit bites you.
* * * LOW HITPOINT WARNING * * *
The quasit barely misses you. The quasit claws you.
* * * LOW HITPOINT WARNING * * *
Casting: Call Imp (safe; 7% risk of failure)
Confirm with . or Enter, or press ? or * to list all spells.
You blink.
The quasit misses you. The quasit claws you.
You die...

# #..##..........##.....
#..##......#.#.##.#.##
#.....................
#..##.................
#.§........###....#.##
#.5##.............#.##
#####....................#
#......5.5......##....#.##
#####.5##@......##....#.#
#.5.h.......##.#..#.#
#..##.......##.#....##
#...5...................
#.#....................#
..........#........⌠..#..
.......................###
...............#.##.....###
####.#.....................


You could see a hound, 3 quasits and an ufetubus.

Vanquished Creatures
  Sigmund (D:5)
  Menkaure (D:4)
  2 black bears
  An ogre (D:5)
  A phantom (D:5)
  A scorpion (D:4)
  2 quasits (D:5)
  A jelly (D:4)
  An orc priest (D:5)
  Jessica (D:3)
  2 iguanas
  6 adders
  A shadow imp (D:5)
  2 white imps (D:5)
  4 ufetubi (D:5)
  3 dart slugs
  13 orcs
  8 bats
  3 endoplasms
  7 giant cockroaches
  2 goblins
  5 hobgoblins
  2 kobolds (D:2)
  A quokka (D:3)
  5 ball pythons
  5 frilled lizards
  4 rats
85 creatures vanquished.

Vanquished Creatures (collateral kills)
  An iguana (D:5)
  An adder (D:3)
2 creatures vanquished.

Grand Total: 87 creatures vanquished

Notes
Turn   | Place    | Note
-------+----------+-------------------------------------------
     0 | D:1      | pokeman the Deep Elf Hedge Wizard began the quest for the
                  | Orb.
     0 | D:1      | Reached XP level 1. HP: 10/10 MP: 7/7
   325 | D:1      | Reached XP level 2. HP: 16/16 MP: 1/9
  1154 | D:2      | Reached skill level 5 in Spellcasting
  1439 | D:2      | Reached XP level 3. HP: 17/17 MP: 6/11
  1443 | D:2      | Learned a level 3 spell: Mephitic Cloud
  1446 | D:2      | Learned a level 2 spell: Call Imp
  1449 | D:2      | Learned a level 2 spell: Blink
  1489 | D:2      | Found a hide-covered altar of Uskayaw.
  1802 | D:2      | Reached skill level 1 in Fighting
  1921 | D:3      | Reached skill level 1 in Armour
  2070 | D:3      | Noticed a black bear
  2085 | D:3      | Killed a black bear
  2086 | D:3      | Reached skill level 6 in Spellcasting
  2086 | D:3      | Reached XP level 4. HP: 12/25 MP: 8/14
  2086 | D:3      | Reached XP level 5. HP: 14/29 MP: 8/15
  2091 | D:3      | Learned a level 4 spell: Flame Wave
  2207 | D:3      | Learned a level 3 spell: Hailstorm
  2947 | D:3      | Noticed Jessica
  2950 | D:3      | Killed Jessica
  3132 | D:3      | Noticed Grinder
  3367 | D:4      | Noticed Menkaure
  3374 | D:4      | Killed Menkaure
  3375 | D:4      | Reached skill level 1 in Fire Magic
  3375 | D:4      | Reached skill level 1 in Ice Magic
  3375 | D:4      | Reached skill level 1 in Air Magic
  3375 | D:4      | Reached skill level 1 in Alchemy
  3375 | D:4      | Reached XP level 6. HP: 34/34 MP: 9/17
  3408 | D:4      | Reached skill level 7 in Spellcasting
  3566 | D:4      | Found a staircase to the Ecumenical Temple.
  3577 | Temple   | Entered the Ecumenical Temple
  3671 | D:4      | Reached XP level 7. HP: 38/38 MP: 14/19
  3703 | D:4      | Found a glowing silver altar of Zin.
  3801 | D:4      | Found an iron altar of Okawaru.
  3864 | D:4      | Found a shadowy altar of Dithmenos.
  3864 | D:4      | Found an opulent altar of Gozag.
  3979 | D:5      | Entered Level 5 of the Dungeon
  4210 | D:5      | Noticed Sigmund
  4228 | D:5      | Killed Sigmund
  4229 | D:5      | Reached skill level 8 in Spellcasting
  4555 | D:5      | Reached XP level 8. HP: 31/44 MP: 8/22
  4584 | D:5      | HP: 2/44 [quasit (1)]
  4585 | D:5      | Slain by a quasit

Illustrated notes

Levels and vault maps discovered:
D:1:      lemuel_arrival_broad_hall, layout_rooms, minivault_4, minmay_unequal
D:2:      layout_basic, basic_altar
D:3:      layout_loops_cross, corexii_item_surrounded_by_moat, uniq_jessica,
          uniq_grinder
D:4:      layout_basic, okawaru_metal_pillars_1_2,
          gammafunk_temple_overflow_wave, lemuel_doored_altar,
          minmay_temple_entry_statues_pillars, uniq_menkaure
D:5:      due_chaos_kobolds, layout_basic, mainiacjoe_overflow_24_doors,
          serial_demonic, serial_demonic_e, serial_demonic_a, serial_demonic_d,
          serial_demonic_b, serial_demonic_c, serial_demonic_c, uniq_sigmund
Temple:   jpeg_temple_alley_garden

Skill      XL: |  1  2  3  4  5  6  7 |
---------------+----------------------+-----
Spellcasting   | 5 6 7 8 |  8.6
Fighting       | 1 2 |  2.1
Armour         | 1 |  1.4
Conjurations   | 2 3 4 |  4.3
Dodging        | 3 |  3.0
Stealth        | 3 |  3.1
Fire Magic     | 1 2 3 |  3.1
Ice Magic      | 1 2 3 |  3.2
Air Magic      | 1 |  1.3
Alchemy        | 1 |  1.2
Summonings     | |  1.1
Translocations | |  1.1

Action                     |  1- 3 |  4- 6 |  7- 9 || total
---------------------------+-------+-------+-------++-------
  Melee: Dagger            |     9 |    19 |       ||    28
         Spear             |       |       |    22 ||    22
   Cast: Magic Dart        |    92 |    64 |    67 ||   223
         Call Imp          |     1 |     2 |     2 ||     5
         Mephitic Cloud    |     1 |     3 |     2 ||     6
         Blink             |       |    13 |     1 ||    14
         Hailstorm         |       |     2 |       ||     2
         Flame Wave        |       |       |     2 ||     2
   Stab: Confused          |     1 |     1 |     1 ||     3
 Armour: Robe              |    18 |    18 |    52 ||    88
  Dodge: Dodged            |    21 |    37 |    52 ||   110
         Repelled          |     2 |       |       ||     2

Table legend: (Time is in decaauts)
 A = Elapsed time spent in this place.
 B = Non-inter-level travel time spent in this place.
 C = Inter-level travel time spent in this place.
 D = Time resting spent in this place.
 E = Time spent auto-exploring this place.
 F = Levels seen in this place.
 G = Mean time per level.
                   A        B        C        D        E       F      G
               +--------+--------+--------+--------+--------+-----+--------+
         Total |   4586 |   4496 |     90 |      5 |   3818 |   6 |  764.3 |
       Dungeon |   4585 |   4495 |     90 |      5 |   3818 |   5 |  917.0 |
        Temple |      1 |      1 |      0 |      0 |      0 |   1 |    1.0 |
               +--------+--------+--------+--------+--------+-----+--------+

Top non-repeatable levels by time:
     D:3: 1421 daAuts
     D:2: 964 daAuts
     D:1: 907 daAuts
     D:4: 683 daAuts
     D:5: 608 daAuts
  Temple: 1 daAuts
